 Dungeon Crawl Stone Soup version 0.28-a0-1002-gf00fe891ef (webtiles) character file.

Game seed: 18092724376756038686

61 Umoon the Ducker (level 3, 0/28 HPs)
             Began as a Demonspawn Gladiator on Dec 6, 2021.
             Frozen to death by an endoplasm (3 damage)
             ... on level 2 of the Dungeon.
             The game lasted 00:02:08 (964 turns).

Umoon the Ducker (Demonspawn Gladiator)              Turns: 964, Time: 00:02:08

Health: 0/28       AC:  9    Str: 14    XL:     3   Next: 83%
Magic:  3/3        EV: 11    Int: 18    God:
Gold:   26         SH:  0    Dex: 14    Spells: 2/2 levels left

rFire   . . .      SeeInvis .   j - +2 dagger (venom)
rCold   . . .      Faith    .   (no shield)
rNeg    . . .      Spirit   .   k - +0 ring mail
rPois   .          Reflect  .   m - +2 helmet "Posel" {Will+ Str-2 Int+9}
rElec   .          Harm     .   f - +0 cloak
rCorr   .          Rampage  .   (no gloves)
Will    +....                   (no boots)
Stlth   +.........              (no amulet)
HPRegen 0.09/turn               (no ring)
MPRegen 0.08/turn               (no ring)

@: no status effects
A: demonic guardian 1
a: no special abilities


You were on level 2 of the Dungeon.
You visited 1 branch of the dungeon, and saw 2 of its levels.

You collected 26 gold pieces.

Inventory:

Hand Weapons
 a - a +0 rapier
 j - a +2 dagger of venom (weapon)
Missiles
 d - 3 throwing nets (quivered)
Armour
 b - a +0 leather armour
 c - a +0 helmet
 f - a +0 cloak (worn)
 k - a +0 ring mail (worn)
 m - the +2 helmet "Posel" (worn) {Will+ Str-2 Int+9}
   (You took it off Robin on level 2 of the Dungeon)

   Str:       It affects your strength (-2).
   Int:       It affects your intelligence (+9).
   Will:      It increases your willpower.
Jewellery
 e - an amulet of magic regeneration
Scrolls
 h - a scroll of holy word {unknown}
 i - a scroll of identify {unknown}
 l - a scroll of noise {unknown}
Potions
 g - a potion of degeneration {unknown}


   Skills:
 + Level 2.9 Fighting
 - Level 2.6 Short Blades
 - Level 1.7 Throwing
 + Level 1.6 Armour
 + Level 3.3 Dodging


You had 2 spell levels left.
You didn't know any spells.
Your spell library was empty.

Dungeon Overview and Level Annotations

Branches:
Dungeon (2/15)

Altars:


Innate Abilities, Weirdness & Mutations

A weak demonic guardian rushes to your aid.


Message History

You hit Robin.
Robin looks as sick as possible!
Robin is heavily wounded.
Robin hits you with a +0 trident of protection.
* * * LOW HITPOINT WARNING * * *
A demonic guardian appears!
Unknown command.
You swap places.
You kill Robin!
Your ufetubus disappears in a puff of smoke!
Items here: ))) ††††††††.
Items here: ) [[ †.
m - the +2 helmet "Posel" {Will+ Str-2 Int+9} You start removing your armour.
You continue taking off your +0 helmet. x4
You finish taking off your +0 helmet.
You start putting on your armour.
You continue putting on the +2 helmet "Posel" {Will+ Str-2 Int+9}. x5
You finish putting on the +2 helmet "Posel" {Will+ Str-2 Int+9}.
You feel weaker.
You feel clever.
Your white imp disappears in a puff of smoke!
An endoplasm comes into view.
An endoplasm is nearby!
An endoplasm is nearby!
An endoplasm is nearby!
You are too injured to fight recklessly!
You are too injured to fight recklessly!
You start resting.
An endoplasm is nearby!
An endoplasm is nearby!
Things that are here:
a +0 trident of protection; a +0 animal skin; the hobgoblin corpse of Robin You hit the endoplasm but do no damage.
The endoplasm freezes you.
You are frozen.
* * * LOW HITPOINT WARNING * * *
A demonic guardian appears!
You barely miss the endoplasm. The endoplasm freezes you.
You are frozen.
You die...

..##...###
#........##
#.........# ###
g.........# ..#
..........# #.#
..g.......# #.#
......##..##### #.#
..g.( ##.J)5)## #.#
.g.. ##@##).###.# ...
#.###.....######## ..
#.##.###.............
.
#.........#..########
####..##.........####
##..#.#...........
........>...####
###.#.......# #
#.#.......####


You could see an endoplasm (ally target) and a friendly ufetubus (summoned).

Vanquished Creatures
  Robin (D:2)
  5 ball pythons
  2 endoplasms (D:1)
  9 goblins
  9 hobgoblins
  3 jackals (D:2)
  2 kobolds
  2 quokkas (D:1)
  5 bats (D:1)
  A frilled lizard (D:1)
  A rat (D:2)
40 creatures vanquished.

Vanquished Creatures (collateral kills)
  2 goblins (D:2)
2 creatures vanquished.

Grand Total: 42 creatures vanquished

Notes
Turn   | Place    | Note
-------+----------+-------------------------------------------
     0 | D:1      | Umoon the Demonspawn Gladiator began the quest for the Orb.
     0 | D:1      | Reached XP level 1. HP: 16/16 MP: 1/1
   365 | D:1      | Gained mutation: A weak demonic guardian rushes to your
                  | aid. [demonic ancestry]
   365 | D:1      | Reached XP level 2. HP: 21/22 MP: 2/2
   476 | D:1      | Reached skill level 1 in Armour
   476 | D:1      | Reached skill level 3 in Dodging
   810 | D:2      | Reached XP level 3. HP: 28/28 MP: 3/3
   868 | D:2      | Identified the +2 helmet "Posel" {Will+ Str-2 Int+9}
   868 | D:2      | Noticed Robin
   920 | D:2      | Killed Robin
   964 | D:2      | Frozen to death by an endoplasm

Illustrated notes

Levels and vault maps discovered:
D:1:      evilmike_arrival_plus, layout_basic
D:2:      layout_rooms, uniq_robin

Skill      XL: |  1  2 |
---------------+-------+-----
Armour         | 1 |  1.6
Dodging        | 3 |  3.3
Fighting       | |  2.9
Short Blades   | |  2.6
Throwing       | |  1.7

Action                   || total
-------------------------++-------
Melee: Rapier            ||    44
       Dagger            ||    59
 Stab: Sleeping          ||     1
Armor: Leather armour    ||    12
       Ring mail         ||    22
Dodge: Dodged            ||    58

Table legend: (Time is in decaauts)
 A = Elapsed time spent in this place.
 B = Non-inter-level travel time spent in this place.
 C = Inter-level travel time spent in this place.
 D = Time resting spent in this place.
 E = Time spent auto-exploring this place.
 F = Levels seen in this place.
 G = Mean time per level.
                   A        B        C        D        E       F      G
               +--------+--------+--------+--------+--------+-----+--------+
         Total |    959 |    959 |      0 |     12 |    701 |   2 |  479.5 |
       Dungeon |    959 |    959 |      0 |     12 |    701 |   2 |  479.5 |
               +--------+--------+--------+--------+--------+-----+--------+

Top non-repeatable levels by time:
     D:1: 790 daAuts
     D:2: 168 daAuts
